Map: Acid Plant LE

Players

Kozzy - Winner!

  • Race: Protoss Protoss
  • League: Gold
  • Spawn Location: 5:00

GarBHanzo

  • Race: Zerg Zerg
  • Spawn Location: 11:00

VOD

Have the link to the VOD?

Description

Time

  • Played on: April 6, 2018, 1:16 a.m.
  • Length: 7:03
Show
View Real Time Build Order
Export as new Build Order

Kozzy Protoss - Winner!

Build Orders:  

Get SALT Encoding   

  12  0:00  Probe  
  13  0:13  Probe  
  14  0:19  Pylon  
  14  0:25  Probe  
  15  0:37  Probe (Chrono Boost)  
  15  0:39  Gateway  
  16  0:49  Probe (Chrono Boost)  
  17  0:54  Probe (Chrono Boost)  
  18  0:58  Assimilator  
  18  1:00  Assimilator  
  18  1:13  Pylon  
  18  1:16  Probe  
  19  1:28  Probe  
  19  1:29  Assimilator  
  20  1:40  Probe  
  20  1:44  Cybernetics Core  
  21  1:47  Forge  
  21  1:52  Probe  
  22  2:02  Pylon  
  22  2:04  Probe  
  22  2:05  Zealot (Chrono Boost)  
  25  2:15  Pylon  
  25  2:21  Protoss Ground Weapons Level 1  
  25  2:30  Stalker (Chrono Boost)  
  25  2:33  Warp Gate (Chrono Boost)  
  27  2:46  Pylon  
  27  2:51  Gateway  
  27  3:01  Shield Battery  
  27  3:12  Pylon  
  27  3:17  Gateway  
  27  3:20  Probe  
  28  3:40  Gateway  
  28  3:50  Stalker  
  28  3:51  Stalker  
  32  4:05  Stalker  
  34  4:17  Pylon  
  34  4:31  Photon Cannon  
  34  4:40  Gateway  
  34  4:43  Gateway, Zealot x2  
  34  4:44  Zealot  
  40  5:08  Zealot  
  40  5:09  Zealot x3  
  48  5:33  Zealot  
  48  5:34  Zealot x2  
  48  5:35  Zealot x2  
  58  5:40  Zealot  
  60  6:01  Zealot x5  
  70  6:17  Pylon  
  70  6:18  Pylon  
  70  6:19  Photon Cannon  
  64  6:36  Stalker x2  
  64  6:37  Stalker  
Show
View Real Time Build Order
Export as new Build Order

GarBHanzo Zerg 

Build Orders: 3 Hatch before Pool 

Get SALT Encoding   

  12  0:00  Drone  
  13  0:08  Drone  
  14  0:16  Overlord  
  14  0:45  Hatchery  
  13  1:04  Drone  
  14  1:11  Hatchery  
  14  1:17  Drone  
  14  1:33  Spawning Pool  
  13  1:40  Extractor  
  13  1:42  Drone  
  13  1:45  Drone  
  14  1:52  Drone  
  15  1:55  Drone  
  15  1:59  Drone  
  17  2:20  Queen  
  19  2:24  Queen  
  19  2:28  Zergling x2  
  22  2:32  Zergling x2  
  23  2:39  Drone  
  23  2:40  Drone  
  25  2:46  Metabolic Boost  
  25  2:53  Drone  
  25  2:54  Drone  
  27  3:04  Queen  
  29  3:15  Drone x2  
  29  3:16  Drone  
  32  3:23  Queen  
  34  3:27  Extractor  
  33  3:35  Roach Warren  
  33  3:39  Drone x2  
  34  3:45  Overlord  
  34  3:50  Overlord  
  34  4:00  Spore Crawler  
  33  4:08  Drone x4  
  33  4:09  Drone  
  38  4:22  Burrow  
  38  4:25  Lair  
  38  4:46  Roach x3  
  38  4:47  Roach x3  
  49  5:06  Overlord x3  
  49  5:22  Glial Reconstitution  
  49  5:24  Roach  
  49  5:25  Roach x4  
  59  5:42  Drone x3  
  62  5:43  Drone x5  
  67  6:06  Overlord x3  
  67  6:08  Roach x3  
  67  6:10  Overlord  
  73  6:13  Overlord  
  65  6:28  Roach x5  
  65  6:29  Roach  
  67  6:35  Roach x2  
Tags
 
Add a new tag
Caveats
  • Supply blocks, unpowered buildings, or Contaminate may cause inaccurate times.
  • Supply counts are checked every 10 seconds.